[Event "Krakow Championship-C 2022"]
[Site "Krakow"]
[Date "2022.06.25"]
[Round "1.1"]
[White "Mielcuch, Karol"]
[Black "Grzelak, Piotr"]
[Result "1-0"]
[ECO "A13"]
[WhiteElo "1276"]
[BlackElo "1684"]
[Annotator "NA RC"]
[PlyCount "65"]
[EventDate "2022.06.25"]
[EventType "swiss"]
[EventCountry "POL"]
[SourceTitle "playchess.com"]
[Source "ChessBase"]
[SourceQuality "1"]
[TimeControl "5400+30"]

1. c4 e6 2. Nf3 d5 3. b3 Nf6 4. Bb2 Be7 5. g3 O-O 6. Bg2 c5 7. d4 dxc4 8. bxc4 Nc6 9. O-O Qc7 10. d5 exd5 11. cxd5 Rd8 12. Nc3 a6 13. Qb3 Na5 14. Qd1 Bf5 15. Nd2 Rac8 16. e4 Bg4 17. Qe1 Ne8 18. e5 Qb6 19. Rb1 Qh6 20. d6 Bf8 21. Nd5 Nc6 22. Ne4 Nd4 23. Bc1 Qg6 24. Nf4 Qf5 25. f3 Nxf3+ 26. Bxf3 Bxf3 27. Rxf3 g5 28. Rxb7 gxf4 29. Rxf4 Qe6 30. Rbxf7 Bh6 31. Re7 Qg6 32. Nf6+ Kf8 33. Rg4 1-0

[Event "Krakow Championship-C 2022"]
[Site "Krakow"]
[Date "2022.06.25"]
[Round "1.2"]
[White "Krasuski, Pawel"]
[Black "Gruca, Karol"]
[Result "1-0"]
[ECO "B27"]
[WhiteElo "1682"]
[BlackElo "1247"]
[Annotator "NA RC"]
[PlyCount "83"]
[EventDate "2022.06.25"]
[EventType "swiss"]
[EventCountry "POL"]
[SourceTitle "playchess.com"]
[Source "ChessBase"]
[SourceQuality "1"]
[TimeControl "5400+30"]

1. e4 c5 2. Nf3 g6 3. c3 Bg7 4. h4 h5 5. d4 cxd4 6. Nxd4 Nc6 7. Nb3 Nf6 8. Qc2 Qc7 9. Bg5 Ng4 10. Be2 Nce5 11. f3 Nh6 12. N1d2 f6 13. Be3 O-O 14. O-O-O d6 15. Nd4 a6 16. Qb3+ Kh7 17. g4 hxg4 18. f4 Nc6 19. Kb1 f5 20. h5 Nd8 21. hxg6+ Kxg6 22. Bd3 e6 23. exf5+ exf5 24. Qd5 Bxd4 25. Bxd4 Be6 26. Rxh6+ Kxh6 27. Qh1+ Kg6 28. Rg1 Qc6 29. Nf3 Kf7 30. Ng5+ Ke7 31. Qh7+ Rf7 32. Nxf7 Nxf7 33. Bxf5 Bxf5+ 34. Qxf5 Rg8 35. Re1+ Kf8 36. Bf6 g3 37. Be7+ Kg7 38. Qf6+ Kh7 39. Qxf7+ Rg7 40. Qh5+ Kg8 41. Bf6 Rf7 42. Qh8# 1-0

[Event "Krakow Championship-C 2022"]
[Site "Krakow"]
[Date "2022.06.25"]
[Round "1.3"]
[White "Pilch, Antoni"]
[Black "Buchowski, Adam"]
[Result "0-1"]
[ECO "B28"]
[WhiteElo "1257"]
[BlackElo "1666"]
[Annotator "NA RC"]
[PlyCount "142"]
[EventDate "2022.06.25"]
[EventType "swiss"]
[EventCountry "POL"]
[SourceTitle "playchess.com"]
[Source "ChessBase"]
[SourceQuality "1"]
[TimeControl "5400+30"]

1. e4 c5 2. Nf3 a6 3. c4 e6 4. Nc3 Nc6 5. d4 cxd4 6. Nxd4 Nge7 7. Be2 Nxd4 8. Qxd4 Nc6 9. Qd1 Bc5 10. a3 Bd4 11. Bd2 O-O 12. O-O d6 13. Rc1 Bd7 14. Bf4 Qe7 15. b4 Be5 16. Bxe5 dxe5 17. f4 exf4 18. Rxf4 Ne5 19. Qb3 Rfd8 20. Rd1 Bc6 21. Rff1 Qg5 22. Qc2 b6 23. Kh1 f5 24. Rg1 Qe3 25. exf5 exf5 26. Nd5 Bxd5 27. Rxd5 f4 28. Rf1 Rac8 29. Rxd8+ Rxd8 30. Rd1 Re8 31. Qd2 Qxa3 32. Qxf4 Qxb4 33. Qe4 Qe7 34. Qd5+ Qe6 35. Qxe6+ Rxe6 36. h3 Kf7 37. Rd5 Kf6 38. Kg1 Rc6 39. Kf2 Ke6 40. Rd4 a5 41. Ke3 Rc5 42. Kd2 a4 43. Kc3 Nc6 44. Rd2 b5 45. Rb2 b4+ 46. Rxb4 Nxb4 47. Kxb4 Kd6 48. Kxa4 Rg5 49. Bf3 Kc5 50. Kb3 Rg3 51. Kc3 g5 52. Kd2 Kxc4 53. Ke3 h5 54. Kf2 h4 55. Ke2 Kd4 56. Kd2 Ke5 57. Ke2 Kf4 58. Kf2 Ke5 59. Ke3 Kd6 60. Kd4 g4 61. Bxg4 Rxg2 62. Ke4 Rf2 63. Bf3 Ke6 64. Kf4 Kf6 65. Kg4 Ke5 66. Bd1 Rf4+ 67. Kg5 Rf8 68. Kxh4 Kf4 69. Bg4 Rh8+ 70. Bh5 Kf5 71. Kg3 Rxh5 0-1

[Event "Krakow Championship-C 2022"]
[Site "Krakow"]
[Date "2022.06.25"]
[Round "1.4"]
[White "Marcinek, Pawel"]
[Black "Wolszczak, Natalia"]
[Result "1/2-1/2"]
[ECO "B80"]
[WhiteElo "1665"]
[BlackElo "1233"]
[Annotator "NA RC"]
[PlyCount "92"]
[EventDate "2022.06.25"]
[EventType "swiss"]
[EventCountry "POL"]
[SourceTitle "playchess.com"]
[Source "ChessBase"]
[SourceQuality "1"]
[TimeControl "5400+30"]

1. e4 c5 2. Nf3 d6 3. d4 cxd4 4. Nxd4 Nf6 5. Nc3 e6 6. Be3 a6 7. Qd2 Be7 8. O-O-O Bd7 9. f3 Nc6 10. g4 b5 11. Be2 Nxd4 12. Qxd4 O-O 13. f4 Qa5 14. a3 Rab8 15. Na2 Rfc8 16. Nb4 d5 17. exd5 Nxd5 18. Nxd5 exd5 19. Qa7 Qa4 20. Bd3 b4 21. Qxa6 bxa3 22. Qxa4 Bxa4 23. bxa3 Bxa3+ 24. Kd2 Bb4+ 25. Ke2 Re8 26. Kf2 Bc3 27. Rb1 d4 28. Rxb8 Rxb8 29. Bc1 Rb1 30. Rf1 Ra1 31. f5 Ra2 32. Kf3 Bxc2 33. Rf2 Bb3 34. Rxa2 Bxa2 35. Ke4 f6 36. Ba3 Kf7 37. Bc5 g6 38. Bxd4 Bxd4 39. Kxd4 gxf5 40. Bxf5 h6 41. Kc5 Bb3 42. Kd6 Bd1 43. h4 Be2 44. Be6+ Kg7 45. Ke7 Bd1 46. h5 Be2 1/2-1/2

[Event "Krakow Championship-C 2022"]
[Site "Krakow"]
[Date "2022.06.25"]
[Round "1.5"]
[White "Dymara, Jerzy"]
[Black "Melino, Gianluca"]
[Result "1-0"]
[ECO "B06"]
[WhiteElo "1217"]
[BlackElo "1633"]
[Annotator "NA"]
[PlyCount "53"]
[EventDate "2022.06.25"]
[EventType "swiss"]
[EventCountry "POL"]
[SourceTitle "playchess.com"]
[Source "ChessBase"]
[SourceQuality "1"]
[TimeControl "5400+30"]

1. e4 g6 2. d4 Bg7 3. Nc3 d6 4. Be3 a6 5. Qd2 b5 6. O-O-O Bb7 7. f3 Nd7 8. g4 c5 9. dxc5 Nxc5 10. Bd4 f6 11. h4 Ne6 12. Be3 Rc8 13. Kb1 Qa5 14. Nge2 b4 15. Nd5 Bxd5 16. exd5 Nc5 17. Nd4 Qb6 18. Ne6 Kf7 19. Bxc5 dxc5 20. Bc4 Qd6 21. g5 a5 22. Rhe1 f5 23. Nxg7 Kxg7 24. Re6 Qg3 25. d6 Rd8 26. Qe2 exd6 27. Re7+ 1-0

[Event "Krakow Championship-C 2022"]
[Site "Krakow"]
[Date "2022.06.25"]
[Round "1.6"]
[White "Swietlik, Grzegorz"]
[Black "Wasik, Adam"]
[Result "0-1"]
[ECO "A01"]
[WhiteElo "1623"]
[BlackElo "1209"]
[Annotator "NA RC"]
[PlyCount "68"]
[EventDate "2022.06.25"]
[EventType "swiss"]
[EventCountry "POL"]
[SourceTitle "playchess.com"]
[Source "ChessBase"]
[SourceQuality "1"]
[TimeControl "5400+30"]

1. b3 e5 2. Bb2 Nc6 3. e3 d5 4. Bb5 Bd6 5. f4 f6 6. Qh5+ g6 7. Qh4 a6 8. Bxc6+ bxc6 9. fxe5 Bxe5 10. Bxe5 fxe5 11. Qxd8+ Kxd8 12. Nf3 e4 13. Ne5 Be6 14. Nxc6+ Kd7 15. Nd4 Ne7 16. Nxe6 Kxe6 17. Nc3 Nf5 18. O-O Rhf8 19. Rf4 c6 20. Raf1 Rf7 21. Ne2 Raf8 22. g4 Nh4 23. Nd4+ Ke7 24. Nxc6+ Ke8 25. Nd4 Rxf4 26. Rxf4 Rxf4 27. exf4 Kd7 28. Kf2 Kd6 29. Kg3 Kc5 30. Kxh4 Kxd4 31. f5 Ke5 32. fxg6 hxg6 33. Kg5 d4 34. Kh4 Kf4 0-1

[Event "Krakow Championship-C 2022"]
[Site "Krakow"]
[Date "2022.06.25"]
[Round "1.7"]
[White "Smolinski, Wojciech"]
[Black "Andriienko, Artom"]
[Result "0-1"]
[ECO "B51"]
[WhiteElo "1202"]
[BlackElo "1588"]
[Annotator "NA RC"]
[PlyCount "98"]
[EventDate "2022.06.25"]
[EventType "swiss"]
[EventCountry "POL"]
[SourceTitle "playchess.com"]
[Source "ChessBase"]
[SourceQuality "1"]
[TimeControl "5400+30"]

1. e4 c5 2. Nf3 d6 3. Bb5+ Nd7 4. a4 a6 5. Be2 Ngf6 6. Nc3 g6 7. d4 cxd4 8. Nxd4 Nc5 9. Bf3 Bg7 10. O-O O-O 11. Be3 h5 12. h3 Ne6 13. Qd2 Rb8 14. Rfd1 Nxd4 15. Bxd4 Nd7 16. Bxg7 Kxg7 17. Be2 b6 18. Qg5 Rh8 19. f4 f6 20. Qh4 Bb7 21. Rd3 Nc5 22. Re3 e5 23. f5 g5 24. Qg3 h4 25. Qf3 a5 26. b3 Rc8 27. Rd1 Qe7 28. Nd5 Bxd5 29. Rxd5 Nb7 30. Rc3 Rc5 31. Rcxc5 Nxc5 32. Bd3 Rd8 33. Qh5 Qf7 34. Qxf7+ Kxf7 35. Kf2 Ke7 36. Kf3 Rc8 37. Bc4 Nxa4 38. Rb5 Nb2 39. Rxb6 Nxc4 40. bxc4 Ra8 41. Rb3 a4 42. Ra3 Kd7 43. Ke3 Kc6 44. Kd3 Kc5 45. Kc3 Ra6 46. Ra1 a3 47. Kb3 a2 48. Kc3 Ra8 49. Kb3 Kd4 0-1

[Event "Krakow Championship-C 2022"]
[Site "Krakow"]
[Date "2022.06.25"]
[Round "1.8"]
[White "Chmielewski, Miroslaw"]
[Black "Nema, Rabab Ahmed"]
[Result "1-0"]
[ECO "C05"]
[WhiteElo "1571"]
[BlackElo "1172"]
[Annotator "NA RC"]
[PlyCount "122"]
[EventDate "2022.06.25"]
[EventType "swiss"]
[EventCountry "POL"]
[SourceTitle "playchess.com"]
[Source "ChessBase"]
[SourceQuality "1"]
[TimeControl "5400+30"]

1. e4 e6 2. d4 d5 3. Nd2 Nf6 4. e5 Nfd7 5. c3 c5 6. f4 Nc6 7. Ngf3 Qb6 8. Qb3 c4 9. Qc2 Be7 10. Be2 f6 11. O-O O-O 12. Kh1 f5 13. b3 cxb3 14. axb3 Qc7 15. Ba3 Nb6 16. Bc5 Nd7 17. Bxe7 Nxe7 18. Rfc1 Nc6 19. b4 Nb6 20. Qb3 Qe7 21. b5 Nb8 22. Qa3 Qxa3 23. Rxa3 a6 24. Rca1 N8d7 25. Nb3 Nc4 26. Bxc4 dxc4 27. Nc5 Nxc5 28. dxc5 Bd7 29. Nd4 Rfc8 30. bxa6 bxa6 31. Rxa6 Rxa6 32. Rxa6 Rxc5 33. Kg1 Kf7 34. Kf2 h6 35. h4 h5 36. Ke3 Ke7 37. Kd2 Rd5 38. Kc2 Bb5 39. Rxe6+ Kd7 40. Rg6 Ba4+ 41. Kd2 Ke7 42. Rxg7+ Kf8 43. Ra7 Bb5 44. Ra5 Bc6 45. Rxd5 Bxd5 46. Nxf5 Bxg2 47. Ne3 Bf3 48. Nxc4 Ke7 49. Ke3 Bg4 50. Kd4 Ke6 51. Ne3 Bf3 52. f5+ Kf7 53. Nd5 Bg4 54. e6+ Ke8 55. Ke5 Bf3 56. f6 Kf8 57. e7+ Kf7 58. Nc7 Bc6 59. Ne6 Bb5 60. Ng5+ Ke8 61. Kd6 Bd3 1-0

[Event "Krakow Championship-C 2022"]
[Site "Krakow"]
[Date "2022.06.26"]
[Round "2.1"]
[White "Radwanski, Mikolaj"]
[Black "Krasuski, Pawel"]
[Result "1-0"]
[ECO "A06"]
[WhiteElo "1349"]
[BlackElo "1682"]
[Annotator "NA RC"]
[PlyCount "37"]
[EventDate "2022.06.25"]
[EventType "swiss"]
[EventCountry "POL"]
[SourceTitle "playchess.com"]
[Source "ChessBase"]
[SourceQuality "1"]
[TimeControl "5400+30"]

1. Nf3 d5 2. g3 Nf6 3. Bg2 e6 4. d3 Be7 5. Nbd2 b6 6. e4 c6 7. e5 Nfd7 8. O-O c5 9. c4 Bb7 10. cxd5 Bxd5 11. a4 Nc6 12. Re1 Qc7 13. Qe2 Rd8 14. Nc4 Nd4 15. Nxd4 cxd4 16. Bxd5 exd5 17. Nd6+ Kf8 18. Bf4 g5 19. Qh5 1-0

[Event "Krakow Championship-C 2022"]
[Site "Krakow"]
[Date "2022.06.26"]
[Round "2.2"]
[White "Buchowski, Adam"]
[Black "Lesniak, Wojciech"]
[Result "0-1"]
[ECO "A46"]
[WhiteElo "1666"]
[BlackElo "1368"]
[Annotator "NA RC"]
[PlyCount "72"]
[EventDate "2022.06.25"]
[EventType "swiss"]
[EventCountry "POL"]
[SourceTitle "playchess.com"]
[Source "ChessBase"]
[SourceQuality "1"]
[TimeControl "5400+30"]

1. d4 e6 2. Nf3 Nf6 3. Bg5 c5 4. e3 b6 5. Bd3 Bb7 6. Nbd2 Be7 7. O-O O-O 8. c3 cxd4 9. exd4 d6 10. Re1 Nbd7 11. a4 a6 12. h3 Re8 13. Bf4 Bf8 14. Nc4 Qc7 15. Bh2 Nd5 16. Ng5 N7f6 17. Ne3 Nxe3 18. Rxe3 h6 19. Nf3 Nd5 20. Re1 Bc6 21. Bc2 b5 22. axb5 axb5 23. Qd3 Nf6 24. Rxa8 Rxa8 25. Bb1 Qb7 26. Bg3 Ra1 27. Qe3 Be4 28. Bxe4 Rxe1+ 29. Qxe1 Nxe4 30. Bf4 d5 31. b4 Qa7 32. Qc1 Qa2 33. Bd2 Be7 34. g3 Bg5 35. Nxg5 Qxd2 36. Qxd2 Nxd2 0-1

[Event "Krakow Championship-C 2022"]
[Site "Krakow"]
[Date "2022.06.26"]
[Round "2.3"]
[White "Andriienko, Artom"]
[Black "Kwiatkowski, Jakub"]
[Result "1-0"]
[ECO "E65"]
[WhiteElo "1588"]
[BlackElo "1750"]
[Annotator "NA RC"]
[PlyCount "74"]
[EventDate "2022.06.25"]
[EventType "swiss"]
[EventCountry "POL"]
[SourceTitle "playchess.com"]
[Source "ChessBase"]
[SourceQuality "1"]
[TimeControl "5400+30"]

1. d4 Nf6 2. Nf3 g6 3. g3 Bg7 4. Bg2 d6 5. O-O O-O 6. c4 c5 7. Nc3 Nbd7 8. e3 Rb8 9. b3 b6 10. Bb2 Bb7 11. d5 Ne4 12. Qc2 Nxc3 13. Bxc3 Nf6 14. e4 e5 15. Nxe5 Re8 16. Nd3 Nxe4 17. Bxg7 Kxg7 18. Bxe4 Rxe4 19. Nxc5 Re7 20. Ne4 Rd7 21. Qc3+ f6 22. Ng5 Kg8 23. Ne6 Qe7 24. Rae1 Qf7 25. f4 f5 26. Ng5 Qg7 27. Qxg7+ Kxg7 28. Ne6+ Kf6 29. Nd4 b5 30. Re6+ Kg7 31. Nxb5 Bxd5 32. Rxd6 Rxd6 33. Nxd6 Rd8 34. Rd1 Rxd6 35. Rxd5 Rxd5 36. cxd5 Kf6 37. Kf2 Ke7 1-0

[Event "Krakow Championship-C 2022"]
[Site "Krakow"]
[Date "2022.06.26"]
[Round "2.4"]
[White "Olkuski, Tadeusz"]
[Black "Chmielewski, Miroslaw"]
[Result "0-1"]
[ECO "B00"]
[WhiteElo "1329"]
[BlackElo "1571"]
[Annotator "NA RC"]
[PlyCount "52"]
[EventDate "2022.06.25"]
[EventType "swiss"]
[EventCountry "POL"]
[SourceTitle "playchess.com"]
[Source "ChessBase"]
[SourceQuality "1"]
[TimeControl "5400+30"]

1. e4 b6 2. d4 Bb7 3. Nc3 e6 4. Bd3 g6 5. Be3 Bg7 6. f3 Nc6 7. Bc4 Nge7 8. a3 a6 9. Nge2 b5 10. Ba2 Nc8 11. Qd2 Nb6 12. O-O h6 13. Rad1 d5 14. e5 Ne7 15. g4 Kd7 16. Nc1 Qg8 17. Rf2 Rf8 18. Rdf1 Kc8 19. Nd3 h5 20. Bg5 f6 21. exf6 Bxf6 22. Bxf6 Rxf6 23. g5 Rf5 24. h4 Nc4 25. Bxc4 dxc4 26. Nc5 Qf7 0-1

[Event "Krakow Championship-C 2022"]
[Site "Krakow"]
[Date "2022.06.26"]
[Round "2.5"]
[White "Wandor, Adam"]
[Black "Pozniak, Yunna"]
[Result "1-0"]
[ECO "C03"]
[WhiteElo "1456"]
[BlackElo "1288"]
[Annotator "NA RC"]
[PlyCount "79"]
[EventDate "2022.06.25"]
[EventType "swiss"]
[EventCountry "POL"]
[SourceTitle "playchess.com"]
[Source "ChessBase"]
[SourceQuality "1"]
[TimeControl "5400+30"]

1. e4 e6 2. d4 d5 3. Nd2 Nc6 4. c3 dxe4 5. Nxe4 e5 6. d5 Nce7 7. Bb5+ Bd7 8. Qb3 a6 9. Bxd7+ Qxd7 10. Qxb7 Qxd5 11. Qxd5 Nxd5 12. Bd2 Ngf6 13. Nxf6+ Nxf6 14. O-O-O Bc5 15. Nh3 O-O 16. Rhe1 Rfe8 17. Bg5 h6 18. Bxf6 gxf6 19. Rd5 Be7 20. f3 Red8 21. Red1 Rxd5 22. Rxd5 Rd8 23. Rxd8+ Bxd8 24. Nf2 Be7 25. Nd3 a5 26. b4 axb4 27. cxb4 c6 28. a4 Bd8 29. Nc5 Kf8 30. g4 Ke7 31. Kd2 Bb6 32. Kd3 Bc7 33. Ke4 Bd6 34. h3 Kf8 35. Kf5 Kg7 36. a5 Bc7 37. Nd7 e4 38. fxe4 Bg3 39. a6 Bf2 40. Nc5 1-0

[Event "Krakow Championship-C 2022"]
[Site "Krakow"]
[Date "2022.06.26"]
[Round "2.6"]
[White "Rabenda, Piotr"]
[Black "Pawlak, Emilia"]
[Result "0-1"]
[ECO "A57"]
[WhiteElo "1237"]
[BlackElo "1477"]
[Annotator "NA RC"]
[PlyCount "100"]
[EventDate "2022.06.25"]
[EventType "swiss"]
[EventCountry "POL"]
[SourceTitle "playchess.com"]
[Source "ChessBase"]
[SourceQuality "1"]
[TimeControl "5400+30"]

1. d4 Nf6 2. c4 c5 3. d5 b5 4. cxb5 a6 5. b6 Qxb6 6. Nc3 d6 7. e4 g6 8. Nf3 Bg7 9. Nd2 O-O 10. Nc4 Qc7 11. f3 a5 12. Be3 Ba6 13. Qd2 Nbd7 14. Bh6 Rab8 15. O-O-O Bxc4 16. Bxc4 Ne5 17. Be2 c4 18. Bxg7 Kxg7 19. f4 Nd3+ 20. Bxd3 cxd3 21. Qxd3 a4 22. Kb1 a3 23. b3 Kg8 24. h3 Qa5 25. Ka1 Rb4 26. g4 Nxe4 27. Nxe4 Rxe4 28. f5 Rc8 29. Rc1 Rxc1+ 30. Rxc1 Re1 31. Kb1 Rxc1+ 32. Kxc1 Qe1+ 33. Qd1 Qe3+ 34. Kc2 Qxh3 35. Qe2 Qh4 36. fxg6 hxg6 37. Kd3 Qf6 38. Kc4 Qb2 39. Kd3 Qf6 40. Kc4 Kf8 41. Kd3 Qf4 42. Qg2 Qc1 43. Qh2 Qb2 44. Qxb2 axb2 45. Kc2 f5 46. gxf5 g5 47. a4 Ke8 48. a5 Kd8 49. b4 g4 50. b5 Kc7 0-1

[Event "Krakow Championship-C 2022"]
[Site "Krakow"]
[Date "2022.06.26"]
[Round "2.7"]
[White "Christensen, Adam Stanczyk"]
[Black "Wegrzyn, Bartosz"]
[Result "0-1"]
[ECO "C01"]
[WhiteElo "1484"]
[BlackElo "1286"]
[Annotator "NA RC"]
[PlyCount "120"]
[EventDate "2022.06.25"]
[EventType "swiss"]
[EventCountry "POL"]
[SourceTitle "playchess.com"]
[Source "ChessBase"]
[SourceQuality "1"]
[TimeControl "5400+30"]

1. e4 e6 2. d4 d5 3. exd5 exd5 4. Nf3 Nf6 5. Bd3 Bd6 6. O-O O-O 7. Bg5 h6 8. Bh4 c6 9. Ne5 Nbd7 10. Re1 Qc7 11. Qe2 Re8 12. Bg3 Ne4 13. Bxe4 dxe4 14. Nc4 Bxg3 15. hxg3 c5 16. Nc3 cxd4 17. Nxe4 f5 18. Ncd6 Re5 19. Qh5 fxe4 20. Qf7+ Kh7 21. Nf5 Rxf5 22. Qxf5+ Kh8 23. Qxe4 Nf6 24. Qxd4 Bf5 25. c3 a6 26. Re5 Bg6 27. Rae1 Rd8 28. Re7 Qxe7 29. Rxe7 Rxd4 30. cxd4 Be4 31. f3 Bc6 32. Kf2 Kg8 33. a3 Nd5 34. Re5 Kf7 35. Ke1 Kf6 36. Kd2 Nb6 37. Kc3 Bb5 38. Rxb5 axb5 39. Kb4 Ke6 40. Kxb5 Nd7 41. Kc4 Kd6 42. b4 Nb6+ 43. Kb5 Nd5 44. Kc4 Ne3+ 45. Kb5 Kc7 46. Kc5 b6+ 47. Kb5 Nc2 48. Kc4 Nxa3+ 49. Kc3 Kc6 50. Kb3 Nb5 51. Kc4 Nd6+ 52. Kc3 Kd5 53. Kd3 Nf5 54. g4 Nxd4 55. f4 Ne6 56. g3 b5 57. Ke3 Nc7 58. Kd3 Na6 59. Kc3 Ke4 60. f5 Nc7 0-1

[Event "Krakow Championship-C 2022"]
[Site "Krakow"]
[Date "2022.06.26"]
[Round "2.8"]
[White "Marzec, Tymon"]
[Black "Piddubna, Bozhena"]
[Result "1/2-1/2"]
[ECO "C55"]
[WhiteElo "1287"]
[BlackElo "1534"]
[Annotator "NA RC"]
[PlyCount "60"]
[EventDate "2022.06.25"]
[EventType "swiss"]
[EventCountry "POL"]
[SourceTitle "playchess.com"]
[Source "ChessBase"]
[SourceQuality "1"]
[TimeControl "5400+30"]

1. e4 e5 2. Nf3 Nc6 3. Bc4 Nf6 4. d3 Be7 5. O-O O-O 6. c3 d5 7. exd5 Nxd5 8. Re1 Bf6 9. Nbd2 Nf4 10. Ne4 Bf5 11. Bxf4 exf4 12. Nxf6+ Qxf6 13. d4 Rad8 14. Qd2 Bg4 15. Be2 Rfe8 16. Rad1 h6 17. Qd3 a6 18. Bf1 Qd6 19. Rxe8+ Rxe8 20. Re1 Rxe1 21. Nxe1 Qe6 22. Qb1 Ne7 23. Bd3 Bf5 24. Bxf5 Nxf5 25. h3 Nh4 26. a3 Qe2 27. Nd3 Qe4 28. Qf1 f3 29. g3 Ng2 30. Ne5 Qxd4 1/2-1/2

[Event "Krakow Championship-C 2022"]
[Site "Krakow"]
[Date "2022.06.26"]
[Round "3.1"]
[White "Khimichenko, Dmytro"]
[Black "Andriienko, Artom"]
[Result "0-1"]
[ECO "B92"]
[WhiteElo "1427"]
[BlackElo "1588"]
[Annotator "NA RC"]
[PlyCount "124"]
[EventDate "2022.06.25"]
[EventType "swiss"]
[EventCountry "POL"]
[SourceTitle "playchess.com"]
[Source "ChessBase"]
[SourceQuality "1"]
[TimeControl "5400+30"]

1. e4 c5 2. Nf3 d6 3. d4 cxd4 4. Nxd4 Nf6 5. Nc3 a6 6. Be2 e5 7. Nb3 Be6 8. O-O Nbd7 9. Be3 b5 10. a3 Rc8 11. f3 Be7 12. Qd2 O-O 13. Rad1 Qc7 14. Kh1 Rfd8 15. g4 Nc5 16. Nxc5 dxc5 17. Qc1 Qc6 18. Rxd8+ Rxd8 19. g5 Ne8 20. Rd1 b4 21. Rxd8 Bxd8 22. Nd1 a5 23. Qd2 Be7 24. Nf2 c4 25. axb4 axb4 26. c3 b3 27. Kg2 Nd6 28. h4 Nb7 29. Qd1 Qa4 30. Qc1 Nc5 31. Bf1 Qa2 32. Kg3 Kf8 33. Bh3 Bxh3 34. Kxh3 Qa4 35. Qd1 Qd7+ 36. Qxd7 Nxd7 37. Kg2 Nc5 38. Kf1 f6 39. gxf6 gxf6 40. h5 Kf7 41. Ke2 Ke6 42. Kd2 Na4 43. Nd1 f5 44. Kc1 f4 45. Ba7 Bh4 46. Kd2 Be7 47. Kc1 Bc5 48. Bxc5 Nxc5 49. Nf2 Nd7 50. Kd2 Kf6 51. Ng4+ Kg5 52. h6 Kh4 53. Ke1 Kg3 54. Ke2 Kg2 55. Nf2 Nf6 56. Ke1 Kxf3 57. Nh3 Nxe4 58. Kf1 Kg3 59. Ng1 f3 60. Ne2+ fxe2+ 61. Ke1 Nxc3 62. Kd2 Kf2 0-1

[Event "Krakow Championship-C 2022"]
[Site "Krakow"]
[Date "2022.06.26"]
[Round "3.2"]
[White "Chmielewski, Miroslaw"]
[Black "Jokel, Marcin"]
[Result "1-0"]
[ECO "B10"]
[WhiteElo "1571"]
[BlackElo "1413"]
[Annotator "NA RC"]
[PlyCount "113"]
[EventDate "2022.06.25"]
[EventType "swiss"]
[EventCountry "POL"]
[SourceTitle "playchess.com"]
[Source "ChessBase"]
[SourceQuality "1"]
[TimeControl "5400+30"]

1. e4 c6 2. Ne2 d5 3. Ng3 dxe4 4. Nc3 e3 5. dxe3 Qxd1+ 6. Nxd1 Nf6 7. Be2 g6 8. b3 Bg7 9. Bb2 O-O 10. e4 h5 11. f3 b6 12. Ne3 Ba6 13. Rd1 Bxe2 14. Nxe2 e6 15. h3 c5 16. g4 h4 17. g5 Nh5 18. Bxg7 Kxg7 19. e5 Nc6 20. Ng4 Rad8 21. Kf2 Nb4 22. c3 Nd3+ 23. Ke3 c4 24. bxc4 Nb2 25. Rd4 Rxd4 26. cxd4 Nxc4+ 27. Kd3 b5 28. Rb1 Rb8 29. Nf6 Nxf6 30. gxf6+ Kh6 31. Nc3 Na3 32. Rb3 b4 33. Ne4 Kh7 34. Nd6 Kg8 35. Nc4 Nxc4 36. Kxc4 a5 37. Kc5 Rc8+ 38. Kb5 Rc2 39. Kxa5 Rxa2+ 40. Kxb4 g5 41. Kc5 Ra8 42. Kc6 Rd8 43. Kc5 Rd5+ 44. Kc4 Kh7 45. Kd3 Rd8 46. Ke4 Ra8 47. f4 gxf4 48. Kxf4 Kg6 49. Kg4 Rh8 50. Rb2 Rd8 51. Rd2 Rh8 52. Rg2 Rd8 53. Kf4+ Kh6 54. Ke4 Kh7 55. Rg7+ Kh8 56. Rxf7 Rd5 57. Re7 1-0

[Event "Krakow Championship-C 2022"]
[Site "Krakow"]
[Date "2022.06.26"]
[Round "3.3"]
[White "Lesniak, Wojciech"]
[Black "Wandor, Adam"]
[Result "1-0"]
[ECO "D35"]
[WhiteElo "1368"]
[BlackElo "1456"]
[Annotator "NA RC"]
[PlyCount "61"]
[EventDate "2022.06.25"]
[EventType "swiss"]
[EventCountry "POL"]
[SourceTitle "playchess.com"]
[Source "ChessBase"]
[SourceQuality "1"]
[TimeControl "5400+30"]

1. d4 d5 2. c4 e6 3. Nc3 Nf6 4. cxd5 exd5 5. Bg5 Be7 6. e3 O-O 7. Bd3 c6 8. Nge2 Nbd7 9. O-O h6 10. Bh4 Re8 11. f3 Nf8 12. Qc2 N6h7 13. Bf2 Be6 14. e4 Bb4 15. e5 f6 16. f4 Bf7 17. a3 Ba5 18. b4 Bb6 19. Rae1 fxe5 20. dxe5 g6 21. Nd4 Bc7 22. Na4 Kg7 23. Nc5 Qc8 24. e6 Nxe6 25. Ncxe6+ Bxe6 26. Bxg6 Nf8 27. Bxe8 Qxe8 28. Nxe6+ Nxe6 29. Qe2 Bxf4 30. Qxe6 Qh5 31. Bd4+ 1-0

[Event "Krakow Championship-C 2022"]
[Site "Krakow"]
[Date "2022.06.26"]
[Round "3.4"]
[White "Pawlak, Emilia"]
[Black "Cwiek, Stefan"]
[Result "0-1"]
[ECO "A20"]
[WhiteElo "1477"]
[BlackElo "1280"]
[Annotator "NA RC"]
[PlyCount "88"]
[EventDate "2022.06.25"]
[EventType "swiss"]
[EventCountry "POL"]
[SourceTitle "playchess.com"]
[Source "ChessBase"]
[SourceQuality "1"]
[TimeControl "5400+30"]

1. c4 e5 2. g3 Nc6 3. Bg2 f5 4. Nc3 Nf6 5. d3 Bb4 6. Bd2 d6 7. e3 O-O 8. Nge2 Qe8 9. O-O Qh5 10. f4 Bc5 11. Nd5 Bb6 12. Nec3 Qxd1 13. Raxd1 Be6 14. Nxb6 axb6 15. a3 e4 16. dxe4 Bxc4 17. Rfe1 fxe4 18. Nxe4 Nxe4 19. Bxe4 d5 20. Bg2 Rfd8 21. Bc3 b5 22. Rd2 Na5 23. Red1 c6 24. Rf2 Re8 25. Re1 Nb3 26. Bf3 Nc5 27. Rd1 Bb3 28. Rdf1 Ra4 29. Bd1 Rxe3 30. Bb4 Ne4 31. Bxb3 Rxb3 32. Re2 c5 33. Be1 Rd4 34. g4 Rd1 35. f5 Kf7 36. Kg2 Rb1 37. Rf3 R1xb2 38. Rxb2 Rxb2+ 39. Kg1 d4 40. Rf4 Nc3 41. Kf1 Nd5 42. Rf2 Ne3+ 43. Kg1 Rxf2 44. Kxf2 Nxg4+ 0-1

[Event "Krakow Championship-C 2022"]
[Site "Krakow"]
[Date "2022.06.26"]
[Round "3.5"]
[White "Wegrzyn, Bartosz"]
[Black "Olszewski, Antoni"]
[Result "1/2-1/2"]
[ECO "D11"]
[WhiteElo "1286"]
[BlackElo "1532"]
[Annotator "NA RC"]
[PlyCount "61"]
[EventDate "2022.06.25"]
[EventType "swiss"]
[EventCountry "POL"]
[SourceTitle "playchess.com"]
[Source "ChessBase"]
[SourceQuality "1"]
[TimeControl "5400+30"]

1. d4 d5 2. c4 c6 3. Nf3 e6 4. e3 Nf6 5. b3 Nbd7 6. Bd3 Bb4+ 7. Nbd2 Bc3 8. Rb1 e5 9. dxe5 Nxe5 10. Nxe5 Bxe5 11. O-O O-O 12. Nf3 Bc7 13. h3 Ne4 14. Qc2 Re8 15. Rd1 Qe7 16. cxd5 cxd5 17. Bb2 Bf5 18. Nd4 Bg6 19. Rbc1 Be5 20. Nf3 Bxb2 21. Qxb2 a6 22. Be2 Rad8 23. Qd4 Rc8 24. Qb2 Rxc1 25. Rxc1 h6 26. Ne1 Rd8 27. Bf3 Ng5 28. Bg4 h5 29. Be2 Ne6 30. Nf3 Be4 31. Nd2 1/2-1/2